 Dungeon Crawl Stone Soup version 0.31.0-11-ge490571c62 (webtiles) character file.

Game seed: 15426479971316468203

60936 sanka the Bludgeoner (level 14, -16/135 HPs)
             Began as a Minotaur Fighter on Jan 27, 2024.
             Was a Priest of the Shining One.
             Killed from afar by a frost giant (33 damage)
             ... with a bolt of cold
             ... on level 15 of the Dungeon.
             The game lasted 00:36:22 (18070 turns).

sanka the Bludgeoner (Minotaur Fighter)            Turns: 18070, Time: 00:36:23

Health: -16/135    AC: 37    Str: 23    XL:     14   Next: 58%
Magic:  16/16      EV:  4    Int:  5    God:    the Shining One [***...]
Gold:   548        SH: 31    Dex: 13    Spells: 13/13 levels left

rFire   . . .        b - +4 morningstar
rCold   . . .        V - +0 tower shield
rNeg    + . .        M - +0 crystal plate armour
rPois   .            g - +2 hat
rElec   .            K - +1 cloak {rCorr}
rCorr   +            n - +0 pair of gloves
SInv    .            q - +2 pair of boots
Will    ++...        H - amulet of reflection Stlth
                     t - +4 ring of protection
HPRegen 0.42/turn    O - ring of willpower
MPRegen 0.15/turn

%: reflection
@: mighty, divinely shielded, glowing
A: horns 2, retaliatory headbutt
a: Renounce Religion, Divine Shield, Cleansing Flame


You were on level 15 of the Dungeon.
You worshipped the Shining One.
The Shining One was most pleased with you.
You visited 2 branches of the dungeon, and saw 16 of its levels.
You also visited: Bailey.

You collected 1124 gold pieces.
You spent 576 gold pieces at shops.


Innate Abilities, Weirdness & Mutations

You have a pair of horns on your head.
You reflexively headbutt those who attack you in melee.


   Skills:
 + Level 15.4 Fighting
 - Level 16.0 Maces & Flails
 + Level 15.4 Armour
 - Level 1.6 Dodging
 + Level 15.4 Shields
 - Level 5.0 Invocations


You had 13 spell levels left.
You didn't know any spells.
Your spell library contained the following spells:

 Spells                   Type           Power      Damage    Failure   Level
 Freeze                   Ice            0%         1d3       100%        1
 Sting                    Conj/Alch      0%         1d3       100%        1
 Cigotuvi's Dreadful Rot  Necr/Alch/Air  0%         N/A       100%        2
 Mercury Vapours          Alch/Air       0%         N/A       100%        2
 Sublimation of Blood     Necr           0%         N/A       100%        2
 Dazzling Flash           Conj/Hex       0%         N/A       100%        3
 Frozen Ramparts          Ice            0%         1d1       100%        3
 Hailstorm                Conj/Ice       0%         3d5       100%        3
 Mephitic Cloud           Conj/Alch/Air  0%         N/A       100%        3
 Ignite Poison            Fire/Alch      0%         N/A       100%        4
 Leda's Liquefaction      Alch/Erth      0%         N/A       100%        4
 Olgreb's Toxic Radiance  Alch           0%         N/A       100%        4
 Petrify                  Alch/Erth      0%         N/A       100%        4
 Curse of Agony           Necr           0%         N/A       100%        5
 Freezing Cloud           Conj/Ice/Air   0%         6-21      100%        5
 Irradiate                Conj/Alch      0%         3d11      100%        5
 Metabolic Englaciation   Hex/Ice        0%         N/A       100%        5
 Silence                  Hex/Air        0%         N/A       100%        5
 Summon Forest            Summ/Tloc      0%         N/A       100%        5
 Eringya's Noxious Bog    Alch           0%         4d6       100%        6
 Summon Hydra             Summ           0%         N/A       100%        7

Inventory:

Hand Weapons
 b - a +4 morningstar (weapon)
Missiles
 w - 2 throwing nets {=f}
 F - 2 curare-tipped darts {=f}
Armour
 g - a +2 hat (worn)
 n - a +0 pair of gloves (worn)
 q - a +2 pair of boots (worn)
 K - a +1 cloak of preservation (worn)
 M - a +0 crystal plate armour (worn)
 V - a +0 tower shield (worn)
Jewellery
 k - a ring of willpower
 t - a +4 ring of protection (left hand)
 y - a ring of see invisible
 H - an amulet of reflection (around neck)
 N - an amulet of regeneration
 O - a ring of willpower (right hand)
 R - a ring of poison resistance
 X - a ring of fire
Wands
 a - a wand of paralysis (7)
 p - a wand of polymorph (4)
 L - a wand of quicksilver (7)
 T - a wand of flame (24)
Scrolls
 c - a scroll of fear
 e - 2 scrolls of revelation
 f - 3 scrolls of enchant armour
 j - 4 scrolls of enchant weapon
 l - a scroll of poison {!r}
 r - 2 scrolls of immolation {!r}
 s - 5 scrolls of teleportation {@r4}
 z - a scroll of noise {!r}
 E - 2 scrolls of blinking
 G - 4 scrolls of vulnerability {!r}
 I - 3 scrolls of silence {!r}
 P - a scroll of summoning
 Q - 3 scrolls of fog
Potions
 d - 3 potions of might
 h - 6 potions of heal wounds {@q2}
 i - 2 potions of brilliance {unknown}
 m - 2 potions of berserk rage {unknown}
 o - a potion of enlightenment {unknown}
 u - 4 potions of magic
 v - 2 potions of haste {unknown}
 x - 2 potions of lignification {unknown}
 A - 2 potions of curing {@q1}
 B - 2 potions of attraction {unknown}
 C - 2 potions of mutation {unknown}
 S - a potion of resistance
Miscellaneous
 D - a sack of spiders
 J - a phantom mirror

Dungeon Overview and Level Annotations

Branches:
Dungeon (15/15)            Temple (0/1) D:6            Lair (0/5) D:11
    Orc (0/2) D:12         Vaults (0/5) D:13         Depths (1/4) D:15
 Bailey (visited)

Altars:
Dithmenos
Elyvilon
Gozag
Hepliaklqana
Kikubaaqudgha
Nemelex Xobeh
Okawaru
Ru
Uskayaw
Vehumet
Yredelemnul
The Shining One
Ignis

Shops:
D:7 ?   D:9 !   D:15 *

Annotations:
D:11 exclusion: downstairs
D:12 exclusion: downstairs
D:13 exclusion: downstairs

▒▒▒.▒ ▒.▒▒▒▒▒▒.▒ ....▒ ▒▒▒▒▒▒▒
▒▒.▒▒▒▒▒▒▒
▒▒▒▒▒▒▒▒▒▒▒..▒..▒▒▒........▒▒▒▒
.................▒▒▒..........▒
▒▒▒▒..............▒▒.▒▒▒▒▒)▒▒.▒
..▒.▒▒▒▒▒..▒▒.....▒▒.▒ ▒.▒▒.▒
...▒▒ ▒▒▒▒▒▒...▒▒▒.▒ ▒.▒▒.▒
..▒▒ ▒▒..▒▒▒.▒ ▒?▒▒.▒
...▒▒▒▒▒▒▒▒▒▒▒.CH.▒▒.▒ ▒.▒▒.▒
▒..▒▒.......▒▒▒[.8▒▒.▒ ▒....▒
▒..▒▒.▒▒▒▒▒▒▒▒...▒▒▒.▒ ▒▒▒..▒
......▒▒▒.▒▒▒.....▒..▒ ▒..▒
▒..▒▒............8▒..▒ ▒..▒
▒..▒▒............▒▒..▒ ▒..▒
▒..▒▒.▒▒▒▒..▒▒▒.▒▒▒..▒▒▒▒▒▒▒..▒
▒..▒▒.▒ ▒▒▒▒ ▒▒▒ ▒...........▒
...▒▒.▒ ▒.▒▒▒▒▒▒▒▒.▒▒


You could see a frost giant.


Message History

A deep troll comes into view.
You block the frost giant's attack.
The deep troll shouts!
You sock the frost giant! You headbutt the frost giant.
The frost giant is almost dead.
The deep troll shaman calls upon its god to speed up something.
The frost giant points at you and mumbles some strange words.
The bolt of cold hits you!!
* * * LOW HITPOINT WARNING * * *
You hear a shout!
The frost giant points at you and mumbles some strange words.
The bolt of cold hits you!
* * * LOW HITPOINT WARNING * * *
The frost giant casts a spell at you. The bolt of cold hits you!
* * * LOW HITPOINT WARNING * * *
There is a staircase back to the Dungeon, spattered with blood here.
Magic restored.
You block the frost giant's attack.
The deep troll shaman calls upon its god to strengthen the deep troll.
The deep troll seems to grow stronger.
You climb upwards.
Welcome back to the Dungeon!
There is a staircase to the Depths, spattered with blood here.
Unknown command.
You feel very mighty all of a sudden.
The frost giant gestures at you while chanting.
The bolt of cold hits you!!
You die...

Action                     |  1- 3 |  4- 6 |  7- 9 | 10-12 | 13-15 || total
---------------------------+-------+-------+-------+-------+-------++-------
  Melee: Flail             |   110 |     5 |       |       |       ||   115
         Headbutt          |    15 |    15 |    49 |   157 |   187 ||   423
         Whip              |       |    86 |   282 |   192 |       ||   560
         Morningstar       |       |       |       |   397 |   566 ||   963
 Invoke: Fiery Armour      |       |       |     3 |       |       ||     3
         Divine Shield     |       |       |       |     6 |     5 ||    11
  Evoke: Wand              |       |       |       |       |     2 ||     2
    Use: Scroll            |       |       |       |    12 |     5 ||    17
         Potion            |       |       |       |       |     4 ||     4
 Armour: Scale mail        |    79 |    14 |       |       |       ||    93
         Plate armour      |       |    42 |   193 |       |       ||   235
         Crystal plate arm |       |       |     1 |   380 |   303 ||   684
  Dodge: Dodged            |    56 |    24 |    53 |    57 |    25 ||   215
  Block: Buckler           |    22 |    14 |    99 |   225 |       ||   360
         Reflection        |       |       |     1 |     9 |    34 ||    44
         Tower shield      |       |       |       |    62 |   607 ||   669

Levels and vault maps discovered:
D:1:      saegor_arrival_simple_a, layout_basic, minmay_pentomino_u4
D:2:      layout_rooms, ebering_ecumenical_altar_abandoned,
          nrook_mini_backslash, chequers_serial_rivers_small_a, minmay_quantized
D:3:      layout_basic, tso_oasis_becter
D:4:      cheibrodos_thug_alley, layout_basic,
          nicolae_hepliaklqana_monster_ancestors,
          mainiacjoe_overflow_large_starburst, serial_park_tiny_pond
D:5:      layout_loops_cross, uniq_menkaure, uniq_prince_ribbit1, uniq_grinder
D:6:      layout_gridville, minmay_temple_entry_nine_rooms
D:7:      layout_basic, lemuel_zombie_altar_kikubaaqudgha, serial_shops,
          nicolae_shop_trees, kennysheep_pointless_box
D:8:      layout_gridville, nicolae_elyvilon_peaceful_grove,
          small_statue_intersection
D:9:      layout_basic, mainiacjoe_overflow_small_starburst, serial_shops,
          nicolae_take_the_stairs, enter_bailey_4, minmay_misc_feat_diagonals,
          lightli_wizard_tower
D:10:     layout_cave_pools, lemuel_tele_altar, hellmonk_ghost_happy_afterlife
D:11:     layout_basic, due_lair_maze_entry_diamond,
          nicolae_dithmenos_shadow_blocks
D:12:     kennysheep_big_flooded_room, layout_irregular_city, orc_0_dummy,
          lightli_minifort
D:13:     layout_loops_ring, hellmonk_vaults_keyhole
D:14:     kennysheep_water_balloons, layout_irregular_city, hex_medium,
          uniq_roxanne, uniq_snorg, uniq_louise, uniq_agnes
D:15:     hellmonk_depths_entry_around_the_bend, layout_loops_ring,
          ebering_ghost_gozag, nemelex_xobeh_ov_fountains_minmay,
          okawaru_metal_pillars_1_2, uniq_nessos
Depths:1: layout_forbidden_donut, hangedman_geh_valley, dk_noncrumbling_2,
          trog_three_pillars_becter, grunt_megastairs_5

Notes
Turn   | Place    | Note
-------+----------+-------------------------------------------
     0 | D:1      | sanka the Minotaur Fighter began the quest for the Orb.
     0 | D:1      | Reached XP level 1. HP: 19/19 MP: 0/0
   119 | D:1      | Reached skill level 4 in Fighting
   124 | D:1      | Reached skill level 3 in Maces & Flails
   124 | D:1      | Reached XP level 2. HP: 25/27 MP: 1/1
   316 | D:1      | Reached skill level 4 in Maces & Flails
   349 | D:1      | Reached XP level 3. HP: 33/33 MP: 2/2
   958 | D:2      | Found a faded altar of an unknown god.
  1010 | D:2      | Reached skill level 5 in Maces & Flails
  1011 | D:2      | Prayed at the altar of an unknown god.
  1011 | D:2      | Became a worshipper of Ignis, the Dying Flame
  1037 | D:2      | Reached XP level 4. HP: 40/40 MP: 3/3
  1531 | D:3      | Identified the +5 whip "Leviticus" {drain, rElec}
  1767 | D:3      | Found a glowing golden altar of the Shining One.
  2060 | D:4      | Noticed an ogre
  2070 | D:4      | Killed an ogre
  2071 | D:4      | Reached skill level 6 in Maces & Flails
  2071 | D:4      | Reached XP level 5. HP: 26/46 MP: 4/4
  2214 | D:4      | Reached skill level 7 in Maces & Flails
  2233 | D:4      | Reached XP level 6. HP: 52/52 MP: 5/5
  2348 | D:4      | Reached skill level 8 in Maces & Flails
  2586 | D:4      | Found a basalt altar of Yredelemnul.
  2594 | D:4      | Found a sacrificial altar of Ru.
  2661 | D:4      | Found a hazy altar of Hepliaklqana.
  2902 | D:5      | Entered Level 5 of the Dungeon
  2909 | D:5      | Reached skill level 9 in Maces & Flails
  2909 | D:5      | Reached XP level 7. HP: 47/59 MP: 6/6
  3104 | D:5      | Noticed Grinder
  3115 | D:5      | Killed Grinder
  3116 | D:5      | Reached skill level 10 in Maces & Flails
  3182 | D:5      | Noticed Menkaure
  3188 | D:5      | Killed Menkaure
  3208 | D:5      | Reached skill level 11 in Maces & Flails
  3208 | D:5      | Reached XP level 8. HP: 66/66 MP: 7/7
  3412 | D:5      | Noticed Prince Ribbit
  3420 | D:5      | Killed Prince Ribbit
  3515 | D:5      | Reached skill level 12 in Maces & Flails
  3935 | D:6      | Reached skill level 4 in Armour
  4212 | D:6      | Found a staircase to the Ecumenical Temple.
  4262 | D:6      | Reached skill level 5 in Fighting
  4294 | D:6      | Reached skill level 5 in Armour
  4563 | D:9      | Found Macuploz's Distillery.
  4626 | D:9      | Reached skill level 6 in Fighting
  4626 | D:9      | Identified a +0 robe of resistance
  4645 | D:9      | Reached skill level 6 in Armour
  4654 | D:9      | Found a hide-covered altar of Uskayaw.
  4694 | D:9      | Reached XP level 9. HP: 54/78 MP: 8/8
  4719 | D:9      | Reached skill level 7 in Fighting
  4820 | D:9      | Noticed an arcanist
  4831 | D:9      | Killed an arcanist
  4832 | D:9      | Reached skill level 8 in Fighting
  4832 | D:9      | Reached skill level 7 in Armour
  4887 | D:9      | Found a flagged portal.
  4931 | Bailey   | Entered a bailey
  4937 | Bailey   | Reached skill level 8 in Armour
  5126 | Bailey   | Identified a +0 crystal plate armour
  5153 | Bailey   | Reached skill level 9 in Fighting
  5157 | Bailey   | Reached skill level 9 in Armour
  5542 | D:9      | Reached XP level 10. HP: 80/92 MP: 9/9
  6143 | D:8      | Reached skill level 10 in Fighting
  6175 | D:8      | Found a white marble altar of Elyvilon.
  6306 | D:8      | Reached skill level 10 in Armour
  6538 | D:8      | Reached skill level 11 in Fighting
  6577 | D:8      | Reached skill level 11 in Armour
  6968 | D:7      | Found Zis Elea's Magic Scroll Shop.
  7120 | D:7      | Found an ancient bone altar of Kikubaaqudgha.
  7592 | D:7      | Noticed a two-headed ogre
  7603 | D:7      | Killed a two-headed ogre
  7894 | D:7      | Bought a scroll of identify for 28 gold pieces
  7894 | D:7      | Bought a scroll of blinking for 105 gold pieces
  7894 | D:7      | Bought a scroll of summoning for 133 gold pieces
  7894 | D:7      | Bought a scroll of fog for 56 gold pieces
  7894 | D:7      | Bought a scroll of identify for 28 gold pieces
  7894 | D:7      | Bought a scroll of identify for 28 gold pieces
  7894 | D:7      | Bought a scroll of identify for 28 gold pieces
  8072 | D:3      | Fell from the grace of Ignis
  8072 | D:3      | Became a worshipper of the Shining One
  8226 | D:10     | Entered Level 10 of the Dungeon
  8227 | D:10     | Noticed dakkaduck's ghost (journeyman MiBe)
  8230 | D:10     | Found a runed translucent door.
  8316 | D:10     | Reached skill level 12 in Fighting
  8321 | D:10     | Reached skill level 12 in Armour
  8401 | D:10     | Reached XP level 11. HP: 94/104 MP: 10/10
  8445 | D:10     | Found a radiant altar of Vehumet.
  8768 | D:10     | Killed dakkaduck's ghost
  8769 | D:10     | Reached skill level 4 in Shields
  8830 | D:9      | Bought a potion of resistance for 170 gold pieces
  8930 | D:11     | Noticed a deep elf pyromancer
  8936 | D:11     | Found a staircase to the Lair.
  8951 | D:10     | Killed a deep elf pyromancer
  9115 | D:11     | Reached skill level 5 in Shields
  9184 | D:12     | Noticed a deep elf pyromancer
  9232 | D:12     | Killed a deep elf pyromancer
  9233 | D:12     | Reached skill level 13 in Fighting
  9233 | D:12     | Reached skill level 13 in Armour
  9361 | D:14     | Reached * piety under the Shining One
  9497 | D:14     | Identified the +1 ring mail "Estieruoff" {rN+ Int+3}
  9510 | D:14     | Noticed a purple ugly thing
  9510 | D:14     | Noticed a purple ugly thing
  9510 | D:14     | Noticed a purple ugly thing
  9511 | D:14     | Noticed a purple ugly thing
  9527 | D:14     | Noticed a purple ugly thing
  9528 | D:14     | Noticed a purple ugly thing
  9529 | D:14     | Killed a purple ugly thing
  9535 | D:14     | Killed a purple ugly thing
  9542 | D:14     | Killed a purple ugly thing
  9545 | D:14     | Killed a cyan ugly thing
  9546 | D:14     | Reached skill level 14 in Fighting
  9546 | D:14     | Reached skill level 14 in Armour
  9552 | D:14     | Killed a cyan ugly thing
  9561 | D:14     | Killed a green ugly thing
  9734 | D:14     | Noticed Agnes
  9749 | D:14     | Killed Agnes
  9750 | D:14     | Reached skill level 3 in Invocations
  9750 | D:14     | Reached XP level 12. HP: 61/118 MP: 0/13
 10043 | D:14     | Noticed Snorg
 10057 | D:14     | Killed Snorg
 10058 | D:14     | Reached skill level 4 in Invocations
 10121 | D:14     | Noticed Roxanne
 10227 | D:14     | Noticed a centaur warrior
 10237 | D:14     | Killed a centaur warrior
 10238 | D:14     | Reached skill level 5 in Invocations
 10276 | D:14     | Noticed a four-headed hydra
 10284 | D:14     | Killed a four-headed hydra
 10684 | D:14     | Noticed Louise
 10712 | D:14     | Killed Louise
 10713 | D:14     | Reached skill level 15 in Fighting
 10713 | D:14     | Reached skill level 15 in Armour
 10713 | D:14     | Reached skill level 1 in Dodging
 10748 | D:14     | Was forgiven by Ignis
 11156 | D:14     | Reached skill level 6 in Shields
 11169 | D:14     | Noticed a four-headed hydra
 11173 | D:14     | Killed a four-headed hydra
 11187 | D:14     | Noticed a centaur warrior
 11299 | D:14     | Killed a centaur warrior
 11300 | D:14     | Reached skill level 7 in Shields
 11442 | D:14     | Noticed a tengu reaver
 11457 | D:14     | Killed a tengu reaver
 11458 | D:14     | Reached skill level 8 in Shields
 11522 | D:14     | Reached skill level 9 in Shields
 11589 | D:14     | Identified the +4 robe of the Ward {-Tele Str+3 Int+6}
 11589 | D:14     | Reached ** piety under the Shining One
 11706 | D:14     | Identified the +4 mace "Impbane" {freeze, rC- Str+5 Int+2
                  | Stlth+}
 11916 | D:13     | Noticed a vault guard
 11918 | D:13     | Noticed an ironbound thunderhulk
 11937 | D:14     | Killed a vault guard
 12105 | D:13     | Killed an ironbound thunderhulk
 12106 | D:13     | Reached skill level 10 in Shields
 12162 | D:13     | Reached XP level 13. HP: 115/126 MP: 15/15
 12340 | D:13     | Reached skill level 11 in Shields
 12705 | D:13     | Identified the +1 ring mail of Bedevilment {rC+}
 12779 | D:13     | Reached skill level 12 in Shields
 13075 | D:13     | Found a gate to the Vaults.
 13194 | D:12     | Reached skill level 13 in Shields
 13559 | D:12     | Identified +0 acid dragon scales
 13867 | D:12     | Found a staircase to the Orcish Mines.
 14000 | D:11     | Identified the +1 morningstar "Beetleslayer" {vamp, rC+
                  | Int+4}
 14001 | D:11     | Found a shadowy altar of Dithmenos.
 14027 | D:11     | Reached skill level 14 in Shields
 14081 | D:11     | Identified the +4 flail "Ohunela" {pain, rCorr}
 15088 | D:14     | Killed Roxanne
 15267 | D:15     | Entered Level 15 of the Dungeon
 15267 | D:15     | Found a sparkling altar of Nemelex Xobeh.
 15286 | D:15     | Reached *** piety under the Shining One
 15290 | D:15     | Reached skill level 15 in Shields
 15421 | D:15     | Noticed a fire giant
 15493 | D:15     | Noticed Nessos
 15532 | D:15     | Killed Nessos
 15689 | D:15     | Reached skill level 13 in Maces & Flails
 15859 | D:15     | Reached XP level 14. HP: 77/135 MP: 16/16
 15904 | D:15     | Reached skill level 14 in Maces & Flails
 16027 | D:15     | Found an iron altar of Okawaru.
 16070 | D:15     | Found a runed translucent gate.
 16071 | D:15     | Found a runed translucent gate.
 16072 | D:15     | Found a runed translucent gate.
 16073 | D:15     | Found an opulent altar of Gozag.
 16075 | D:15     | Found Exush's Assorted Antiques.
 16075 | D:15     | Noticed xelsha's ghost (adept GrFi)
 16075 | D:15     | Noticed a tengu reaver
 16311 | D:15     | Reached skill level 15 in Maces & Flails
 16335 | D:15     | Killed a fire giant
 16636 | D:15     | Reached **** piety under the Shining One
 16864 | D:15     | Found a staircase to the Depths.
 17284 | D:15     | Killed xelsha's ghost
 17285 | D:15     | Reached skill level 16 in Maces & Flails
 17305 | D:15     | Killed a tengu reaver
 17830 | Depths:1 | Entered Level 1 of the Depths
 17998 | Depths:1 | Noticed a frost giant
 18064 | Depths:1 | HP: 9/135 [frost giant/bolt of cold (24)]
 18070 | D:15     | Killed from afar by a frost giant

Vanquished Creatures
  2 tengu reavers
  Roxanne (D:14)
  Agnes (D:14)
  A fire giant (D:15)
  The ghost of xelsha the Warrior, an adept GrFi of Elyvilon (D:15)
  Louise (D:14)
  An ironbound thunderhulk (D:13)
  Nessos (D:15)
  An ettin (D:15)
  Snorg (D:14)
  A vault guard (D:14)
  A rakshasa (D:15)
  3 hydras
  The ghost of dakkaduck the Severer, a journeyman MiBe of Trog (D:10)
  7 centaur warriors
  A catoblepas (D:13)
  5 two-headed ogres
  A death knight (D:15)
  An ogre mage (D:15)
  A boulder beetle (D:15)
  A deep troll shaman (D:15)
  2 deep troll earth magi
  A fire crab (D:12)
  An iron troll (D:15)
  A deep troll (D:15)
  An obsidian statue (D:15)
  A flayed ghost (D:14)
  An arcanist (D:9)
  2 orc knights
  14 ugly things
  5 deep elf pyromancers
  6 manticores
  6 cyclopes
  6 meliai
  A molten gargoyle (D:12)
  A cane toad (shapeshifter) (D:15)
  3 gargoyles
  A freezing wraith (D:12)
  A komodo dragon (D:11)
  An unseen horror (D:12)
  2 tengu conjurers (D:14)
  2 efreet
  A troll (D:13)
  A polar bear (shapeshifter) (D:13)
  Prince Ribbit (D:5)
  Grinder (D:5)
  17 slime creatures
  A jumping spider (shapeshifter) (D:13)
  A shadow (D:9)
  2 centaur simulacra (D:15)
  A water elemental (D:14)
  2 wraiths
  25 yaks
  A human (D:13)
  A basilisk (D:12)
  11 fire elementals
  3 vampire mosquitoes (D:13)
  Menkaure (D:5)
  2 acid dragons
  5 water moccasins
  2 sky beasts
  2 black bears
  2 orc warriors
  3 laughing skulls (D:14)
  4 wolves (Bailey)
  3 ogres
  A boggart (D:15)
  10 centaurs
  6 kobold brigands
  8 gnoll sergeants
  6 bullfrogs
  3 scorpions
  A burial acolyte (D:7)
  7 wights
  7 killer bees
  2 electric eels
  2 howler monkeys
  A jelly (D:8)
  A crimson imp (D:9)
  2 lava snakes (D:12)
  4 hounds
  5 gnoll boudas (Bailey)
  6 orc priests
  4 sleepcaps
  17 orc wizards
  22 gnolls
  5 adders
  2 white imps
  A dart slug (D:5)
  2 ribbon worms
  31 orcs
  3 ball pythons
  6 endoplasms
  4 giant cockroaches (D:1)
  7 goblins
  5 hobgoblins
  14 jackals
  33 kobolds
  3 quokkas
  7 bats
  4 frilled lizards
  2 jackal zombies (D:7)
  3 rats
  A spectral kobold (D:4)
434 creatures vanquished.

Vanquished Creatures (others)
  A deep elf pyromancer (D:12)
  A water elemental (D:14)
2 creatures vanquished.

Grand Total: 436 creatures vanquished
